Unix NetHack Version 5.0.0-0 post-release - last build May 31 2026 23:59:36 (970b52f25bf058293b47ddfd14a1e40e571c508c,branch:main).

Game began 2026-06-01 09:32:45, ended 2026-06-01 10:44:28.

FutureTim, lawful female human Valkyrie

                   -------------
                   |...|...)...|
                   |.........)%------
                   ---......[)........
                     |.)%........)<....
                     |.................
                     |--..........).....
           .----------.---.........))...
           ................---..........
          ---...------------ ---.......
         --...---              -------
      .---...--
     ......---
     ......|
     --..--|
      --...------
       |....)@M..
       ----------
FutureTim the Fighter       St:18/02 Dx:10 Co:16 In:9 Wi:10 Ch:10  Lawful
Dlvl:11 $:4  HP:0(66) Pw:31(31) AC:1  Xp:8 T:5432 

Latest messages:
 You hit the cockatrice.
 You hit the cockatrice!
 You miss the cockatrice.
 The cockatrice bites!
 The cockatrice misses!
 You hit the cockatrice.
 You miss the cockatrice.
 The cockatrice bites!
 The cockatrice touches you!
 You kill the cockatrice!
 Welcome to experience level 8.
 You swap places with the peaceful dwarf.
 You are hit by a crossbow bolt.
 A crossbow bolt misses you.
 The gnome lord swings his crossbow.
 The gnome lord hits!
 You miss the gnome lord.
 The gnome lord swings his crossbow.
 The gnome lord hits!
 You hit the gnome lord.
 You hit the gnome lord!
 You kill the gnome lord!
 There is a gnome lord corpse here; eat it? [ynq] (n) y
 This gnome lord corpse is tough.
 The gnome shoots an arrow!
 You are hit by an arrow.
 You stop eating the gnome lord corpse.
 You kill the gnome!
 There is a partly eaten gnome lord corpse here; eat it? [ynq] (n) y
 You resume your meal.
 You finish eating the gnome lord corpse.
 You see here a crossbow bolt.
 The gnome lord shoots 2 arrows!
 You are hit by the 1st arrow.
 You are hit by the 2nd arrow.
 The gnome lord deliberately jumps onto a polymorph trap!
 The gnome lord turns into an ettin mummy!
 The ettin mummy drops a bow.
 You hit the ettin mummy!
 The ettin mummy misses!
 The ettin mummy hits!
 You miss the ettin mummy.
 You hit the ettin mummy.
 The ettin mummy hits!
 The ettin mummy hits again!
 You hit the ettin mummy!
 The ettin mummy hits!
 The ettin mummy hits again!
 You die...
 Do you want your possessions identified? [ynq] (y) q

Inventory:
 Coins    ('$')
  $ - 4 gold pieces
 Weapons  (')')
  i - a blessed +1 dart
  p - 20 +0 darts
  b - 11 +0 daggers (alternate weapons; not wielded)
  a - a corroded +1 spear
  w - a cursed +0 scimitar (weapon in right hand)
 Armor    ('[')
  H - an uncursed +0 pair of gauntlets of dexterity
  c - an uncursed very rotted +4 small shield (being worn)
  u - an uncursed rotted +0 dwarvish cloak (being worn)
  K - an uncursed +0 chain mail (being worn)
 Comestibles  ('%')
  E - 2 uncursed food rations
 Scrolls  ('?')
  m - an uncursed scroll of food detection
  N - a blessed scroll of identify
  g - an uncursed scroll of identify
 Potions  ('!')
  L - an uncursed potion of full healing
  e - an uncursed potion of healing
  I - an uncursed potion of object detection
  q - an uncursed potion of restore ability
  M - a blessed potion of speed
 Rings    ('=')
  t - an uncursed ring of polymorph control
 Wands    ('/')
  G - a wand of cold (0:4)
  n - a wand of make invisible (0:7)
 Tools    ('(')
  z - an uncursed blindfold
  B - an uncursed brass lantern (lit)
  C - an uncursed brass lantern
  v - an uncursed skeleton key
  x - an uncursed skeleton key

FutureTim the Valkyrie's attributes:

Background:
 You were a Fighter, a level 8 human Valkyrie.
 You were lawful, on a mission for Tyr
 who was opposed by Odin (neutral) and Loki (chaotic).
 You were right-handed.
 You were in the Gnomish Mines, on level 11.
 You entered the dungeon 5432 turns ago.
 There was a full moon in effect when your adventure ended.
 You had 1390 experience points, 1170 more were needed to attain level 9.

Basics:
 You had 0 out of 66 hit points.
 You had all 31 energy points (spell power).
 Your armor class was 1.
 Your wallet contained 4 zorkmids.
 Autopickup was off.

Final Characteristics:
 Your strength was 18/02 (limit:18/100).
 Your dexterity was 10 (limit:18).
 Your constitution was 16 (limit:18).
 Your intelligence was 9 (limit:18).
 Your wisdom was 10 (peak:11, limit:18).
 Your charisma was 10 (limit:18).

Final Status:
 You weren't hungry.
 You were unencumbered.
 You were wielding a saber.
 You were unskilled in saber and could have enhanced that.

Final Attributes:
 You were piously aligned.
 Your items were somewhat protected from fire.
 You were cold resistant.
 Your items were somewhat protected from cold.
 You were stealthy.
 You were warded.
 You were fast.
 You were lucky.
 You are dead.

Miscellaneous:
 You encountered 1 bones level.
 Total elapsed playing time was 1 hour, 11 minutes and 42 seconds.

Major events:
 Turn
    1: FutureTim the lawful human Valkyrie entered the dungeon
  605: entered the Gnomish Mines
 1163: attained the rank of Skirmisher (level 3)
 3628: attained the rank of Fighter (level 6)
 4035: reached Mine Town
 5432: killed by an ettin mummy

You didn't know any spells.

Skills:
 Fighting Skills
   bare handed combat [Unskilled]
   two weapon combat  [Unskilled]
   riding             [Unskilled]
 Weapon Skills
   dagger             [Basic]
   axe                [Unskilled]
   pick-axe           [Unskilled]
   short sword        [Unskilled]
   broadsword         [Unskilled]
   long sword         [Unskilled]
   two-handed sword   [Unskilled]
   saber              [Unskilled]
   hammer             [Unskilled]
   quarterstaff       [Unskilled]
   polearms           [Unskilled]
   spear              [Basic]
   trident            [Unskilled]
   lance              [Unskilled]
   sling              [Unskilled]
 Spellcasting Skills
   attack spells      [Unskilled]
   escape spells      [Unskilled]

Voluntary challenges:
 Character rerolling was not enabled.
 You never genocided any monsters.
 You never polymorphed an object.
 You never changed form.
 You used no wishes.
Achievements:
 You entered a shop.
 You entered the Gnomish Mines.
 You attained the rank of Skirmisher.
 You attained the rank of Fighter.
 You entered Minetown.
 You entered a temple.

 The Dungeons of Doom: levels 1 to 4
    Level 1:
       A fountain.
    Level 2:
       A general store, some fountains.
       Stairs down to The Gnomish Mines.
    Level 3:
       A fountain.
    Level 4:
       A sink, a grave.
       Final resting place for
          Farglenargle-Val-Dwa-Fem-Law, killed by a small mimic.
 The Gnomish Mines: levels 3 to 11
    Level 3:
    Level 4:
    Level 5:
    Level 6:
       Many shops, a temple and an altar to Tyr, some fountains, a sink.
    Level 7:
    Level 8:
    Level 9:
    Level 10:
    Level 11: <- You were here.
       Final resting place for
          you, killed by an ettin mummy.


Vanquished creatures:
  a small mimic
 an ettin mummy
  a watchman
  a giant beetle
  a cockatrice
  3 wolves
  2 gnome rulers
  4 brown puddings
 an imp
  a rock mole
  2 ponies
  a fog cloud
 16 gnome leaders
  4 gnomish wizards
  a kobold mummy
  a kitten
  5 dwarves
  5 rothes
  2 giant bats
  2 monkeys
  2 wererats
  a werejackal
  2 iguanas
 an acid blob
  a coyote
  2 hobbits
 10 manes
  a large kobold
  a hobgoblin
  2 giant rats
  4 cave spiders
  3 yellow molds
 64 gnomes
 11 garter snakes
  6 geckos
  8 jackals
  a fox
  2 kobolds
  7 grid bugs
  3 lichens
  a kobold zombie
  4 newts
192 creatures vanquished.

No species were genocided or became extinct.

Game over:
                       ----------
                      /          \
                     /    REST    \
                    /      IN      \
                   /     PEACE      \
                  /                  \
                  |    FutureTim     |
                  |       4 Au       |
                  |   killed by an   |
                  |   ettin mummy    |
                  |                  |
                  |                  |
                  |       2026       |
                 *|     *  *  *      | *
        _________)/\\_//(\/(/\)/\//\/|_)_______

Farvel FutureTim the Valkyrie...

You died in The Gnomish Mines on dungeon level 11 with 6104 points,
and 4 pieces of gold, after 5432 moves.
You were level 8 with a maximum of 66 hit points when you died.

